 Dungeon Crawl Stone Soup version 0.25-b1-46-gb8a1ec05df (webtiles) character file.

Game seed: 16907609734270779874

43 Chiseanne the Firebug (level 3, 0/28 HPs)
             Began as a Demonspawn Wanderer on June 9, 2020.
             Slain by an adder (2 damage)
             ... on level 2 of the Dungeon.
             The game lasted 00:02:40 (906 turns).

Chiseanne the Firebug (Demonspawn Wanderer)          Turns: 906, Time: 00:02:41

Health: 0/28       AC:  2    Str: 15    XL:     3   Next: 37%
Magic:  4/4        EV: 11    Int: 13    God:
Gold:   37         SH:  3    Dex: 10    Spells: 4/4 levels left

rFire    . . .     SeeInvis .   a - +1 hand axe (freeze)
rCold    . . .     Gourm    .   c - +0 buckler
rNeg     . . .     Faith    .   d - +0 robe
rPois    .         Spirit   .   (helmet restricted)
rElec    .         Reflect  .   (no cloak)
rCorr    .         Harm     .   (no gloves)
MR       .....                  (no boots)
Stlth    +.........             (no amulet)
HPRegen  0.09/turn              (no ring)
MPRegen  0.09/turn              (no ring)

@: lethally poisoned (0 -> -1)
A: antennae 1
a: no special abilities


You were on level 2 of the Dungeon.
You were not hungry.

You visited 1 branch of the dungeon, and saw 3 of its levels.

You collected 37 gold pieces.

Inventory:

Hand Weapons
 a - a +1 hand axe of freezing (weapon)
Missiles
 e - 3 boomerangs of dispersal
 h - 7 boomerangs (quivered)
Armour
 c - a +0 buckler (worn)
 d - a +0 robe (worn)
Jewellery
 g - an uncursed ring of protection from cold {unknown}
 i - an uncursed amulet of the acrobat {unknown}
Potions
 k - a potion of flight {unknown}
Comestibles
 f - 2 rations
 j - 2 chunks of flesh


   Skills:
 * Level 2.5 Fighting
   Level 1.0 Bows
 * Level 1.2 Dodging
 - Level 1.0 Stealth
 * Level 1.6 Shields
 * Level 1.1 Spellcasting
   Level 4.5 Fire Magic


You had 4 spell levels left.
You didn't know any spells.
Your spell library contained the following spells:

 Spells                   Type           Power        Failure   Level  Hunger
 Foxfire                  Conj/Fire      #...         14%         1    ##.....
 Beastly Appendage        Tmut           #.....       36%         1    ##.....
 Conjure Flame            Conj/Fire      #.......     41%         3    ####...
 Inner Flame              Hex/Fire       #.......     41%         3    ####...
 Spider Form              Tmut/Pois      #.........   73%         3    ####...
 Sticky Flame             Conj/Fire      #.......     82%         4    #####..
 Fireball                 Conj/Fire      #.........   99%         5    ######.


Dungeon Overview and Level Annotations

Branches:
Dungeon (3/15)

Altars:
Dithmenos
Fedhas

Portals:
Sewer: D:3


Innate Abilities, Weirdness & Mutations

You have a pair of small antennae on your head.


Message History

You feel sick.
The adder is no longer moving slowly.
The adder barely misses you.
You closely miss the adder.
The adder is almost dead.
The adder closely misses you.
You miss the adder.
The adder is almost dead.
You feel sick. The adder bites you.
* * * LOW HITPOINT WARNING * * *
The adder bites you but does no damage.
You miss the adder.
The adder is almost dead.
You block the adder's attack. The adder misses you.
You closely miss the adder.
The adder is almost dead.
The adder closely misses you.
It was a potion of magic.
Magic courses through your body.
* * * LOW HITPOINT WARNING * * *
You feel sick. The adder bites you.
You die...

#########
#########.......#
#......@.>#
#.#...S.#.#
......#.#.#
##.#..#.... # #.
###.#. #. #.... #
... .# ?.. .#


You could see an adder.

Vanquished Creatures
  2 adders (D:3)
  A dart slug (D:3)
  3 orcs (D:3)
  A ball python (D:1)
  9 jackals
  A frilled lizard (D:2)
  2 rats (D:1)
19 creatures vanquished.

Notes
Turn   | Place    | Note
-------+----------+-------------------------------------------
     0 | D:1      | Chiseanne the Demonspawn Wanderer began the quest for the
                  | Orb.
     0 | D:1      | Chiseanne set off with the following items: a +0 club, a +0
                  | buckler, a +0 robe, a ration; and the following spells
                  | available to memorise: Foxfire, Beastly Appendage, Conjure
                  | Flame, Inner Flame, Spider Form, Sticky Flame, Fireball
     0 | D:1      | Reached XP level 1. HP: 16/16 MP: 1/1
   145 | D:2      | Found a shadowy altar of Dithmenos.
   310 | D:3      | Found a glowing drain.
   322 | D:3      | Gained mutation: You have a pair of small antennae on your
                  | head. [demonic ancestry]
   322 | D:3      | Reached XP level 2. HP: 6/22 MP: 1/3
   603 | D:3      | Reached skill level 1 in Dodging
   624 | D:3      | Found a blossoming altar of Fedhas.
   644 | D:3      | Reached skill level 1 in Spellcasting
   646 | D:3      | Reached XP level 3. HP: 12/28 MP: 4/4
   906 | D:2      | Slain by an adder

Illustrated notes

Levels and vault maps discovered:
D:1:      arrival_zaba_pyramid, layout_basic, dk_noncrumbling_2,
          minmay_split_cup_large
D:2:      layout_loops_cross, grunt_dithmenos_smoke, first_ration
D:3:      layout_rooms, lemuel_crystal_altar, gup_sewer_entry_glass,
          okawaru_ov_weapons_minmay

Skill      XL: |  1  2 |
---------------+-------+-----
Dodging        | 1 |  1.2
Spellcasting   | 1 |  1.1
Fighting       | |  2.5
Bows           | |  1.0
Stealth        | |  1.0
Shields        | |  1.6
Fire Magic     | |  4.5

Action                   || total
-------------------------++-------
Melee: Hand axe          ||    61
       Club              ||     2
  Use: Scroll            ||     1
       Potion            ||     1
 Stab: Sleeping          ||     1
Armor: Robe              ||    11
Dodge: Dodged            ||    68
Block: Buckler           ||    13
